 Dungeon Crawl Stone Soup version 0.11.0-24-g666f47c (console) character file.

51 jeanjacques the Skirmisher (level 1, -3/15 HPs)
             Began as a Minotaur Wanderer on Oct 30, 2012.
             Slain by a gnoll
             ... wielding a +0,+0 halberd
              (5 damage)
             ... on Level 2 of the Dungeon.
             The game lasted 00:00:35 (95 turns).

jeanjacques the Skirmisher (Minotaur Wanderer)        Turns: 95, Time: 00:00:35

HP  -3/15        AC  2     Str 17      XL: 1   Next: 18%
MP   2/2         EV 11     Int  9      God:
Gold 50          SH  0     Dex  8      Spells:  1 memorised,  1 level left

Res.Fire  : . . .   See Invis. : .   a - +1 bow
Res.Cold  : . . .   Warding    : .   b - +0 robe
Life Prot.: . . .   Conserve   : .   (no shield)
Res.Poison: .       Res.Corr.  : .   (helmet restricted)
Res.Elec. : .       Clarity    : .   (no cloak)
Sust.Abil.: . .     Spirit.Shd : .   (no gloves)
Res.Mut.  : .       Stasis     : .   (no boots)
Res.Rott. : .       Ctrl.Telep.: .   (no amulet)
Saprovore : . . .   Levitation : .   (no ring) Ctrl.Flight: .
                                     f - ring of levitation

@: not resistant to hostile enchantments, very unstealthy
A: retaliatory headbutt, horns 2
a: Evoke Levitation


You were on level 2 of the Dungeon.
You were not hungry.

You visited 1 branch of the dungeon, and saw 2 of its levels.

Inventory:

Hand weapons
 a - a +1,+1 bow (weapon)
Missiles
 c - 36 arrows (quivered)
Armour
 b - a +0 robe (worn)
Comestibles
 d - a bread ration
Scrolls
 g - a scroll of recharging {unknown}
Jewellery
 f - a ring of levitation (left hand)
 h - a +3 ring of intelligence {unknown}


   Skills:
 + Level 2.6 Fighting
 - Level 1.1 Bows
 - Level 1.0 Spellcasting
   Level 2.0 Charms
   Level 1.0 Air Magic
   Level 1.7 Invocations


You had one spell level left.
You knew the following spells:

 Your Spells              Type           Power        Failure   Level  Hunger
a - Sting                 Conj/Pois      #....        38%         1    ##.....


Dungeon Overview and Level Annotations

Branches:
Dungeon (2/27)

Altars:


Innate Abilities, Weirdness & Mutations

You reflexively headbutt those who attack you in melee.
You have a pair of horns on your head.


Message History

There is a stone staircase leading up here.
Really attack while wielding your +1,+1 bow?
The goblin hits you with an orcish club.
A goblin comes into view. It is wielding a dagger.
The goblin shouts!
The goblin hits you with an orcish club.
* * * LOW HITPOINT WARNING * * *
Found 9 darts of flame.
Really attack while wielding your +1,+1 bow?
The goblin hits you with a dagger.
* * * LOW HITPOINT WARNING * * *
The rat bites you but does no damage.
A gnoll comes into view. It is wielding a halberd.
The gnoll shouts!
Found a stone staircase leading down.
A gnoll comes into view. It is wielding a halberd.
You see here an encrusted copper ring.
h - an encrusted copper ring The goblin hits you but does no damage.
You see here 9 darts of flame.
Firing (i - inventory):
c - 39 arrows (quivered)
Aim: a goblin, wielding a dagger You shoot an arrow.
The arrow hits the goblin.
The goblin is severely wounded.
The goblin hits you but does no damage.
The gnoll picks up 9 darts of flame.
Firing (i - inventory):
c - 38 arrows (quivered)
Aim: a goblin, wielding a dagger (severely wounded)
You shoot an arrow. The arrow hits the goblin.
You kill the goblin!
Firing (i - inventory):
c - 37 arrows (quivered)
Aim: a goblin, wielding an orcish club (severely wounded)
You shoot an arrow. The arrow misses the goblin.
The arrow hits the gnoll.
The goblin hits you but does no damage.
Here: a gnoll, wielding a halberd A floor.
Drink which item? (? for menu, Esc to quit)
You feel refreshed.
It was a potion of restore abilities.
The gnoll shouts!
The gnoll hits you from afar with a halberd.
You die...

##.# #g.#.#.# #+
#..#.#.#
##..#.#.#######.#
+...#.#.....<..$#
###.#.######.#..#
#r#.# ..# .#
#g#.# #### # #g#
#H# #+#


You could see 2 gnolls, a goblin and a rat.

Vanquished Creatures
  A bat (D:2)
  A goblin (D:2)
2 creatures vanquished.

Notes
Turn   | Place    | Note
--------------------------------------------------------------
     0 | D:1      | jeanjacques, the Minotaur Wanderer, began the quest for the Orb.
     0 | D:1      | Reached XP level 1. HP: 15/15 MP: 2/2
    67 | D:2      | HP: 1/15 [goblin/dagger (3)]
    95 | D:2      | Slain by a gnoll

Table legend:
 A = Turns spent in this place as a percentage of turns spent in the entire game.
 B = Non-inter-level travel turns spent in this place as a percentage of non-inter-level travel turns spent in the entire game.
 C = Inter-level travel turns spent in this place as a percentage of turns spent in this place.
 D = Turns resting spent in this place as a percentage of non-inter-level travel turns spent in this place.
 E = Turns spent auto-exploring this place as a percentage of non-inter-level travel turns spent in this place.
 F = Non-inter-level travel turns spent in this place divided by the number of levels of this place that you've seen.
                   A       B       C       D       E      F
               +-------+-------+-------+-------+-------+----------------------
         Total | 100.0 | 100.0 |   0.0 |   0.0 |   0.0 |  53.0
       Dungeon | 100.0 | 100.0 |   0.0 |   0.0 |   0.0 |  53.0
               +-------+-------+-------+-------+-------+----------------------

Table legend:
 A = Kills in this place as a percentage of kills in entire the game.
 B = Kills by you in this place as a percentage of kills by you in the entire game.
 C = Kills by friends in this place as a percentage of kills by friends in the entire game.
 D = Other kills in this place as a percentage of other kills in the entire game.
 E = Experience gained in this place as a percentage of experience gained in the entire game.
 F = Experience gained in this place divided by the number of levels of this place that you have seen.
                   A       B       C       D       E      F
               +-------+-------+-------+-------+-------+----------------------
         Total | 100.0 | 100.0 |  -nan |  -nan | 100.0 |   1.0
       Dungeon | 100.0 | 100.0 |  -nan |  -nan | 100.0 |   1.0
               +-------+-------+-------+-------+-------+----------------------

Vault maps used:
D:1:      co_entry_two_rings, minmay_misc_feat_nine_boxes
D:2:      tso_metal_star

Action                   || total
-------------------------++-------
 Fire: Bow               ||     3
  Use: Potion            ||     1
